Map: Yamatai LE

Players

ИИ 1 (знаток)

  • Race: Zerg Zerg
  • Spawn Location: 1:00

Doll - Winner!

  • Race: Zerg Zerg
  • Spawn Location: 7:00

VOD

Have the link to the VOD?

Description

Time

  • Played on: Sept. 5, 2022, 4:34 p.m.
  • Length: 14:48
Show
View Real Time Build Order
Export as new Build Order

ИИ 1 (знаток) Zerg 

Build Orders: Pool First 

Get SALT Encoding   

  12  0:00  Drone  
  13  0:13  Overlord  
  13  0:16  Drone  
  14  0:34  Spawning Pool  
  13  0:37  Drone  
  13  0:41  Drone  
  15  0:45  Drone  
  15  0:49  Drone  
  17  0:52  Extractor  
  16  0:58  Drone  
  17  1:09  Drone  
  18  1:23  Hatchery  
  17  1:25  Zergling x2  
  18  1:36  Queen  
  20  1:40  Drone  
  21  1:52  Roach Warren  
  20  1:55  Drone  
  21  2:03  Overlord  
  21  2:07  Zergling x2  
  22  2:21  Zergling x2  
  23  2:24  Zergling x2  
  23  2:26  Lair  
  24  2:34  Roach  
  24  2:36  Roach  
  28  2:46  Roach  
  28  2:51  Roach  
  32  2:57  Overlord  
  32  3:02  Roach  
  32  3:05  Drone  
  35  3:10  Drone  
  36  3:15  Drone  
  36  3:16  Drone  
  36  3:18  Extractor  
  37  3:21  Drone  
  37  3:24  Drone  
  37  3:28  Drone  
  37  3:31  Drone  
  39  3:34  Drone  
  39  3:38  Drone  
  39  3:40  Drone  
  42  3:42  Drone  
  43  3:53  Spine Crawler, Drone  
  43  3:55  Drone  
  44  4:01  Overlord  
  42  4:03  Zergling x2  
  42  4:06  Drone  
  44  4:13  Glial Reconstitution  
  44  4:18  Overlord  
  44  4:19  Drone  
  44  4:21  Drone  
  44  4:23  Drone  
  47  4:25  Drone  
  47  4:27  Drone  
  47  4:30  Drone  
  48  4:35  Drone  
  49  4:38  Baneling Nest  
  49  4:39  Drone  
  49  4:43  Metabolic Boost  
  49  4:46  Zergling x2  
  49  4:48  Zergling x2  
  51  4:53  Queen  
  51  4:56  Roach  
  51  4:58  Extractor  
  50  5:00  Drone  
  50  5:03  Roach  
  53  5:11  Overlord  
  55  5:14  Roach  
  55  5:17  Roach  
  55  5:19  Roach  
  55  5:21  Zergling x2  
  55  5:24  Baneling x2  
  55  5:26  Centrifugal Hooks  
  55  5:28  Zergling x2  
  56  5:29  Zergling x2  
  56  5:34  Roach  
  58  5:37  Roach  
  60  5:43  Baneling x2, Zergling x2  
  60  5:44  Drone  
  60  5:45  Hydralisk Den  
  60  5:47  Baneling, Drone  
  60  5:48  Baneling  
  60  5:49  Zergling x2  
  63  5:52  Drone  
  62  5:58  Evolution Chamber, Zergling x2  
  62  6:01  Overseer, Drone  
  62  6:04  Baneling, Drone  
  64  6:05  Baneling  
  64  6:06  Zergling x2  
  64  6:10  Overlord  
  65  6:12  Ravager  
  65  6:24  Baneling  
  64  6:26  Zergling x2  
  64  6:29  Roach  
  64  6:31  Drone, Ravager  
  64  6:32  Hatchery  
  68  6:34  Roach  
  68  6:36  Drone  
  68  6:39  Overlord  
  71  6:43  Hydralisk  
  73  6:49  Hydralisk  
  75  6:57  Hydralisk  
  75  6:59  Ravager  
  75  7:00  Roach  
  80  7:03  Drone  
  80  7:06  Overlord, Drone, Hydralisk  
  80  7:07  Baneling  
  83  7:09  Baneling  
  83  7:14  Zergling x2  
  84  7:16  Baneling  
  84  7:17  Baneling  
  84  7:19  Baneling, Zergling x2  
  84  7:21  Baneling  
  83  7:23  Baneling  
  83  7:24  Zergling x2  
  83  7:28  Roach  
  83  7:34  Roach  
  78  7:42  Queen x2  
  78  7:43  Queen  
  78  7:44  Baneling, Zergling x2, Extractor  
  77  7:45  Baneling x3, Zergling x2  
  77  7:49  Roach  
  77  7:50  Baneling  
  77  7:51  Baneling  
  81  7:52  Zergling x2  
  81  7:53  Extractor  
  81  7:55  Roach  
  81  7:57  Drone  
  84  7:59  Drone  
  84  8:01  Ravager  
  84  8:04  Roach  
  88  8:20  Zerg Ground Armor Level 1  
  88  8:30  Drone  
  88  8:31  Extractor  
  88  8:33  Evolution Chamber, Drone  
  88  8:37  Drone  
  88  8:39  Hatchery, Hydralisk  
  90  8:43  Hydralisk  
  90  8:47  Hydralisk  
  94  8:51  Hydralisk  
  94  8:55  Overlord, Hydralisk  
  98  8:58  Zerg Melee Weapons Level 1  
  97  9:13  Zergling x2, Drone x2  
  97  9:14  Drone x4  
  97  9:16  Drone  
  105  9:21  Overseer  
  105  9:44  Overlord, Drone, Hatchery  
  105  9:45  Pneumatized Carapace  
  105  9:47  Evolution Chamber, Drone  
  106  9:52  Drone  
  106  9:53  Infestation Pit, Zergling x2  
  106  9:54  Drone  
  106  9:57  Baneling  
  105  10:02  Hatchery  
  100  10:07  Zergling x2  
  100  10:09  Roach  
  100  10:12  Roach  
  93  10:14  Zerg Missile Weapons Level 1, Roach  
  93  10:17  Roach  
  93  10:21  Roach  
  99  10:23  Roach  
  99  10:26  Roach  
  99  10:29  Roach  
  99  10:32  Hydralisk  
  99  10:35  Zergling x2  
  96  10:36  Zergling x2  
  96  10:37  Overseer  
  96  10:42  Drone x2  
  97  10:44  Drone  
  97  10:45  Drone  
  97  10:47  Baneling x2  
  97  10:48  Drone  
  100  10:50  Drone  
  100  10:52  Drone  
  100  10:55  Overlord  
  102  10:57  Baneling x2  
  102  11:01  Drone x3  
  102  11:04  Drone x2  
  106  11:06  Drone  
  106  11:10  Overlord  
  108  11:12  Overlord  
  108  11:16  Drone  
  109  11:21  Drone  
  109  11:23  Drone  
  109  11:24  Overlord x2, Drone  
  112  11:27  Drone  
  112  11:32  Drone  
  114  11:34  Drone  
  114  11:36  Hatchery  
  114  11:37  Drone  
  115  11:43  Drone  
  115  11:45  Drone  
  117  11:48  Drone  
  117  11:52  Drone x2  
  117  11:53  Drone  
  117  11:54  Drone  
  122  11:57  Drone  
  122  11:59  Drone  
  124  12:04  Drone  
  124  12:08  Drone  
  126  12:09  Drone  
  126  12:15  Zergling x2  
  126  12:18  Drone  
  126  12:20  Roach  
  126  12:21  Roach x3  
  128  12:26  Roach, Queen x2  
  128  12:28  Spire  
  130  12:30  Zergling x2  
  130  12:35  Hatchery  
  130  12:36  Hydralisk  
  131  12:41  Baneling x2, Roach  
  120  12:47  Overlord  
  120  12:49  Overlord, Drone, Hydralisk  
  106  12:51  Baneling x2  
  106  12:52  Zergling x2  
  104  12:58  Roach  
  104  13:03  Zergling x2  
  102  13:08  Hydralisk  
  94  13:13  Zergling x2  
  94  13:18  Zergling x4  
  94  13:19  Roach  
  86  13:24  Zergling x2  
  78  13:31  Zergling x2  
  65  13:37  Zergling x2  
  65  13:42  Zergling x2  
  63  13:48  Zergling x2  
  55  13:56  Zergling x2  
  22  14:10  Drone  
  17  14:18  Drone  
  15  14:30  Drone  
Show
View Real Time Build Order
Export as new Build Order

Doll Zerg - Winner!

Build Orders: 3 Hatch before Pool 

Get SALT Encoding   

  12  0:00  Drone  
  13  0:13  Overlord  
  13  0:18  Drone  
  14  0:35  Drone  
  14  0:36  Drone x2  
  17  0:53  Hatchery  
  16  1:13  Hatchery  
  15  1:30  Drone, Spawning Pool  
  15  1:34  Drone  
  15  1:37  Drone  
  17  1:59  Hatchery  
  16  2:06  Drone x2  
  18  2:13  Drone x2  
  20  2:19  Zergling x2  
  20  2:22  Zergling x2  
  22  2:26  Zergling x2  
  22  2:28  Zergling x2  
  24  2:30  Zergling x2  
  26  2:37  Drone  
  26  2:39  Drone x2  
  28  2:46  Extractor  
  28  2:49  Drone x2, Extractor  
  28  2:52  Drone  
  29  3:05  Drone x3  
  32  3:15  Drone x4  
  36  3:26  Zergling x8  
  37  3:28  Queen  
  37  3:33  Overlord  
  39  3:45  Spine Crawler  
  38  3:51  Zergling x4  
  38  3:52  Zergling x8  
  42  3:59  Zergling x6  
  41  4:15  Queen x2  
  43  4:20  Zergling x6  
  45  4:24  Metabolic Boost  
  43  4:31  Zergling x2  
  43  4:32  Zergling x4  
  43  4:37  Zergling x2  
  43  4:38  Zergling x2  
  42  5:00  Zergling x6  
  42  5:01  Zergling x6  
  48  5:24  Overlord x4  
  48  5:25  Overlord  
  48  5:43  Lair  
  48  5:46  Zergling x8  
  48  5:47  Zergling x12  
  48  5:48  Zergling x4  
  50  6:08  Zergling x10  
  50  6:09  Zergling x6  
  58  6:22  Roach Warren  
  55  6:32  Zergling x8  
  59  6:33  Zergling x10  
  64  6:41  Zergling x2  
  64  6:42  Zergling x6  
  68  6:52  Zergling x8  
  72  6:55  Drone  
  72  6:56  Drone  
  72  7:22  Roach  
  74  7:23  Roach x6  
  74  7:28  Roach  
  76  7:30  Drone  
  76  7:31  Drone  
  66  7:37  Zergling x2  
  66  7:38  Zergling x2  
  57  7:49  Drone x3  
  57  7:50  Drone x2  
  62  7:55  Glial Reconstitution  
  62  8:00  Zergling x2  
  62  8:01  Zergling x2  
  62  8:03  Drone  
  65  8:10  Drone x2  
  65  8:11  Drone  
  68  8:24  Drone  
  68  8:25  Drone x5  
  74  8:35  Drone  
  74  8:36  Drone x4  
  74  8:39  Roach  
  74  8:40  Roach  
  83  8:42  Pneumatized Carapace  
  83  8:48  Roach x2  
  87  8:50  Overlord  
  86  9:14  Zergling x2  
  86  9:15  Zergling x16  
  95  9:17  Overlord x2  
  95  9:18  Overlord x2  
  95  9:26  Overlord  
  95  9:42  Roach, Zergling x2  
  95  9:43  Roach, Zergling x4  
  95  9:44  Roach x5  
  112  10:04  Roach x3  
  112  10:05  Roach x5  
  122  10:10  Roach x2  
  125  10:16  Roach x2  
  129  10:26  Zergling x8  
  116  10:45  Roach x4  
  116  10:46  Roach x3  
  130  10:58  Roach x3  
  130  10:59  Hatchery  
  130  11:01  Overlord x2  
  135  11:06  Hatchery  
  135  11:08  Overlord x2  
  134  11:16  Extractor  
  134  11:17  Extractor  
  132  11:19  Drone x3  
  132  11:20  Drone x3  
  138  11:37  Zergling x12  
  138  11:38  Zergling x6  
  147  11:53  Roach  
  147  11:54  Roach x5, Hydralisk Den  
  150  12:17  Roach x10  
  167  12:33  Zergling x12  
  167  12:34  Zergling x14  
  179  12:46  Overlord x4  
  179  12:47  Overlord x2  
  175  13:08  Roach x2  
  175  13:09  Roach x10  
  187  13:14  Hydralisk  
  177  13:20  Hydralisk x6  
  177  13:25  Hydralisk x2  
  177  13:26  Hydralisk x2  
  189  13:28  Hydralisk  
  189  13:31  Hydralisk  
  182  13:34  Zergling x4  
  183  13:46  Hydralisk x3  
  183  13:47  Hydralisk x3  
  191  13:50  Hydralisk x3  
  191  13:52  Hydralisk  
  191  13:55  Hydralisk  
  197  13:57  Hydralisk  
  194  14:12  Zergling x12  
Tags
 
Add a new tag
Caveats
  • Supply blocks, unpowered buildings, or Contaminate may cause inaccurate times.
  • Supply counts are checked every 10 seconds.